[Event "Titled Tuesday Blitz April 25 Early 2023"]
[White "Andreikin, Dmitry"]
[Black "Bronstein, Or"]
[WhiteFideId "4158814"]
[BlackFideId "2815770"]
[WhiteElo "2736"]
[BlackElo "2356"]
[Result "1-0"]
[Round "05"]
[TimeControl "180+2"]
[Date "2023.04.25"]
[WhiteClock "0:00:04"]
[BlackClock "0:00:09"]

1. Nf3 c5 2. c4 Nf6 3. Nc3 e6 4. e4 Nc6 5. Be2 Qb6 6. O-O Be7 7. h3 d6 8. Rb1 O-O 9. a3 a6 10. b4 Qc7 11. d3 Nd4 12. Be3 Nxe2+ 13. Qxe2 Bd7 14. bxc5 dxc5 15. e5 Ne8 16. Ne4 Bc6 17. Bf4 b5 18. Qe3 Qb7 19. Nh2 Bxe4 20. dxe4 Rd8 21. Rfd1 Nc7 22. Ng4 Rxd1+ 23. Rxd1 bxc4 24. Rd7 Bd8 25. Qxc5 Qxe4 26. Bd2 Nd5 27. Bb4 Nxb4 28. axb4 h5 29. Ne3 Bg5 30. Nxc4 h4 31. Rd1 Bf4 32. Qd4 Qxd4 33. Rxd4 g5 34. Kf1 Rb8 35. Na5 Bxe5 36. Rg4 Bf6 37. Nc6 Rb5 38. Rc4 Kg7 39. Ke2 Kg6 40. Kf3 Bg7 41. Ne7+ Kf6 42. Nc8 Bf8 43. Na7 Rxb4 44. Rc8 Bd6 45. Nc6 Rb3+ 46. Ke4 Rb2 47. f3 Rxg2 48. Rd8 Ba3 49. Rd7 Re2+ 50. Kd3 Re1 51. Kd2 Rf1 52. Nd8 Bb4+ 53. Ke2 Re1+ 54. Kf2 Kg6 55. Nxf7 Rb1 56. Ne5+ Kf6 57. Ng4+ Kf5 58. Rf7+ Kg6 59. Rf6+ Kg7 60. Rxe6 Rb2+ 61. Ke3 a5 62. Ra6 Bd2+ 63. Ke4 Rb4+ 64. Kd3 a4 65. Kxd2 Rb3 66. Ke2 a3 67. Ne5 Rb2+ 68. Ke3 a2 69. Ke4 Rh2 70. Kf5 Rxh3 71. Rxa2 Rg3 72. Ra7+ Kf8 73. Rh7 h3 74. Rh5 Ke8 75. Ke4 Ke7 76. Ng4 Ke6 77. Rxg5 h2 78. Rh5 Rg2 79. Rxh2 Rg1 80. Re2 Rg3 81. Kf4+ 1-0


[Site "https://www.chess.com"]

[Event "Titled Tuesday Blitz April 25 Early 2023"]
[White "Vetoshko, Volodymyr"]
[Black "Le, Tuan Minh"]
[WhiteFideId "14122480"]
[BlackFideId "12401153"]
[WhiteElo "2422"]
[BlackElo "2566"]
[Result "0-1"]
[Round "05"]
[TimeControl "180+2"]
[Date "2023.04.25"]
[WhiteClock "0:00:04"]
[BlackClock "0:01:01"]

1. e4 c5 2. Nf3 Nf6 3. e5 Nd5 4. Nc3 e6 5. Ne4 f5 6. Nc3 Ne7 7. d4 cxd4 8. Nxd4 a6 9. g4 Nbc6 10. Nxc6 bxc6 11. Bd3 Qc7 12. f4 g6 13. h4 d6 14. exd6 Qxd6 15. h5 Bg7 16. hxg6 hxg6 17. Rxh8+ Bxh8 18. Be3 Qb4 19. Rb1 Nd5 20. Bd2 Qd4 21. Ne2 Qb6 22. gxf5 exf5 23. c4 Nb4 24. Bc3 Be6 25. Bxh8 Qe3 26. Bc2 Rd8 27. Bd4 Rxd4 0-1


[Site "https://www.chess.com"]

[Event "Titled Tuesday Blitz April 25 Early 2023"]
[White "Girya, Olga"]
[Black "Shimanov, Aleksandr"]
[WhiteFideId "4195752"]
[BlackFideId "4198603"]
[WhiteElo "2263"]
[BlackElo "2631"]
[Result "0-1"]
[Round "05"]
[TimeControl "180+2"]
[Date "2023.04.25"]
[WhiteClock "0:00:03"]
[BlackClock "0:00:08"]

1. d4 g6 2. e4 d6 3. Nf3 Nf6 4. Bd3 Bg7 5. O-O O-O 6. Re1 c5 7. c3 Nc6 8. h3 cxd4 9. cxd4 e5 10. d5 Nb8 11. Nc3 Na6 12. Be3 b6 13. Rc1 Nc5 14. Bb1 a5 15. a3 a4 16. Bxc5 bxc5 17. Nxa4 Nh5 18. b4 cxb4 19. axb4 Nf4 20. b5 Bd7 21. Nc3 Bh6 22. Bc2 Qf6 23. Rb1 Rac8 24. Rb3 Rc5 25. Ne2 Nh5 26. Ng3 Nxg3 27. fxg3 Bxb5 28. Nh2 Qe7 29. Ng4 Bg7 30. Qd2 Rfc8 31. Bd3 Bd7 32. Nh6+ Kh8 33. Rf1 Rf8 34. Ng4 h5 35. Ne3 Bh6 36. Qe2 Bc8 37. Rb2 Qg5 38. Rf3 Rc1+ 39. Kh2 h4 40. g4 Qd8 41. Rc2 Bf4+ 42. Rxf4 Rxc2 43. Nxc2 exf4 44. Nd4 Qf6 45. Nf3 Bd7 46. g5 Qc3 47. Nxh4 Rb8 48. Nf3 Rb2 49. Qf1 Kg7 50. e5 dxe5 51. Be4 Qe3 52. Qd3 Qxd3 53. Bxd3 Bb5 54. Nxe5 Rb3 55. Bxb5 Rxb5 56. Nd3 Rxd5 57. Nxf4 Rxg5 58. h4 Ra5 59. Kh3 Kf6 60. g3 Kf5 61. Ng2 Ra3 62. Nf4 Ke4 63. h5 g5 64. Ng2 f5 65. h6 Ra6 66. g4 Rxh6+ 67. Kg3 f4+ 0-1


[Site "https://www.chess.com"]

[Event "Titled Tuesday Blitz April 25 Early 2023"]
[White "Bortnyk, Olexandr"]
[Black "Sviridov, Valery"]
[WhiteFideId "14120828"]
[BlackFideId "4120680"]
[WhiteElo "2734"]
[BlackElo "2457"]
[Result "1-0"]
[Round "05"]
[TimeControl "180+2"]
[Date "2023.04.25"]
[WhiteClock "0:00:22"]
[BlackClock "0:01:22"]

1. d4 g6 2. Nc3 Bg7 3. e4 d6 4. Be3 a6 5. a4 b6 6. Qd2 e6 7. h4 h6 8. h5 g5 9. f4 gxf4 10. Bxf4 Bb7 11. Nf3 Nd7 12. O-O-O Ngf6 13. Bd3 Qe7 14. e5 dxe5 15. Nxe5 O-O-O 16. Qe2 a5 17. Rhf1 Nxe5 18. Bxe5 Rhg8 19. Bc4 Nd5 20. Bxd5 Bxd5 21. Nxd5 Rxd5 22. Qa6+ Kd7 23. c4 Rxe5 24. dxe5+ Kc6 25. Kb1 Qh4 26. Rd6+ 1-0


[Site "https://www.chess.com"]

[Event "Titled Tuesday Blitz April 25 Early 2023"]
[White "Hakobyan, Aram"]
[Black "Jaracz, Pawel"]
[WhiteFideId "13306677"]
[BlackFideId "1102222"]
[WhiteElo "2584"]
[BlackElo "2438"]
[Result "1-0"]
[Round "05"]
[TimeControl "180+2"]
[Date "2023.04.25"]
[WhiteClock "0:01:18"]
[BlackClock "0:00:02"]

1. d4 d5 2. Nf3 Nf6 3. c3 g6 4. Bf4 Bg7 5. e3 O-O 6. Nbd2 Nbd7 7. h4 c5 8. Bd3 cxd4 9. exd4 Nh5 10. Bh2 Ndf6 11. Ne5 Ne8 12. g4 Nhf6 13. h5 Nd6 14. Qf3 Nfe4 15. Nxe4 dxe4 16. Bxe4 Nxe4 17. Qxe4 Be6 18. Qe2 Bd5 19. f3 Qa5 20. Bf4 g5 21. h6 Bf6 22. Bd2 Qc7 23. Rh5 Kh8 24. Bxg5 Bxg5 25. Rxg5 f6 26. Ng6+ hxg6 27. Rxd5 Rad8 28. Rxd8 Rxd8 29. O-O-O Qf4+ 30. Kb1 e5 31. dxe5 Rxd1+ 32. Qxd1 Qxe5 33. a3 Qe6 34. Qd8+ Kh7 35. Qc7+ Kxh6 36. Qxb7 Qe1+ 37. Ka2 Qe6+ 38. Qb3 Qc6 39. c4 Kg5 40. Qd3 Kf4 41. Qd4+ 1-0


[Site "https://www.chess.com"]

[Event "Titled Tuesday Blitz April 25 Early 2023"]
[White "Lewicki, Miroslaw"]
[Black "Eljanov, Pavel"]
[WhiteFideId "1113380"]
[BlackFideId "14102951"]
[WhiteElo "2212"]
[BlackElo "2598"]
[Result "1-0"]
[Round "05"]
[TimeControl "180+2"]
[Date "2023.04.25"]
[WhiteClock "0:00:04"]
[BlackClock "0:00:01"]

1. e4 c6 2. Nf3 d5 3. exd5 cxd5 4. d4 Nc6 5. Be2 Bg4 6. O-O e6 7. b3 Bd6 8. Bb2 Nge7 9. h3 Bh5 10. Ne5 Bxe2 11. Qxe2 O-O 12. Nd2 Ng6 13. c4 dxc4 14. Ndxc4 Rc8 15. Rad1 Nge7 16. Rfe1 Nd5 17. Qg4 Bb4 18. Re2 Nf6 19. Qg3 Nxe5 20. Nxe5 Bd6 21. Qf3 Bxe5 22. Rxe5 Nd5 23. Ba3 Re8 24. Rde1 Qd7 25. Bc1 f6 26. Rh5 Qf7 27. Rh4 Rc2 28. Qe4 Qg6 29. Qf3 Rxa2 30. Rg4 Qf7 31. Qg3 Kh8 32. Rh4 Kg8 33. Qd3 g5 34. Rg4 h5 35. Rg3 h4 36. Rg4 Kf8 37. Qb5 Ra6 38. Qd3 Rc6 39. Ba3+ Kg7 40. Qd2 Qg6 41. Qe2 Qf5 42. Re4 Nf4 43. Qf3 Kg6 44. d5 Nxd5 45. Qd1 Nf4 46. Qd7 1-0


[Site "https://www.chess.com"]

[Event "Titled Tuesday Blitz April 25 Early 2023"]
[White "Goldin, Alexander"]
[Black "Esipenko, Andrey"]
[WhiteFideId "2019540"]
[BlackFideId "24175439"]
[WhiteElo "2665"]
[BlackElo "2615"]
[Result "0-1"]
[Round "05"]
[TimeControl "180+2"]
[Date "2023.04.25"]
[WhiteClock "0:00:11"]
[BlackClock "0:00:03"]

1. d4 d5 2. c4 dxc4 3. e3 Nf6 4. Bxc4 e6 5. Nf3 c5 6. O-O a6 7. dxc5 Qxd1 8. Rxd1 Bxc5 9. Nbd2 b6 10. Be2 Bb7 11. b3 O-O 12. Bb2 Nbd7 13. Ne1 Rfd8 14. Nc4 Be7 15. Rac1 Rac8 16. Bf3 Bxf3 17. Nxf3 Rc7 18. Kf1 Rdc8 19. Nfe5 b5 20. Nxd7 Nxd7 21. Na5 Bb4 22. Rxc7 Rxc7 23. Nc6 Rxc6 24. Rxd7 f6 25. a4 bxa4 26. bxa4 Rc2 27. Bd4 Ra2 28. Rd8+ Kf7 29. Rd7+ Kg6 30. g4 e5 31. Bb6 Rxa4 32. h4 h5 33. gxh5+ Kh6 34. Kg2 Ba5 35. Bc5 Rxh4 36. f3 Rxh5 37. Ra7 e4 38. f4 Rxc5 0-1


[Site "https://www.chess.com"]

[Event "Titled Tuesday Blitz April 25 Early 2023"]
[White "Seo, Jung Min"]
[Black "Van Foreest, Jorden"]
[WhiteFideId "1734687"]
[BlackFideId "1039784"]
[WhiteElo "2468"]
[BlackElo "2633"]
[Result "0-1"]
[Round "05"]
[TimeControl "180+2"]
[Date "2023.04.25"]
[WhiteClock "0:00:16"]
[BlackClock "0:00:19"]

1. Nf3 Nf6 2. c4 c6 3. d4 d5 4. e3 g6 5. Nc3 Bg7 6. Bd3 O-O 7. O-O dxc4 8. Bxc4 b5 9. Bd3 a5 10. h3 Bb7 11. e4 Na6 12. Qe2 Nc7 13. Rd1 Nd7 14. Bf4 Nb6 15. Rac1 a4 16. a3 Ne6 17. Be3 f5 18. d5 fxe4 19. Bxe4 Nxd5 20. Nxd5 cxd5 21. Qxb5 Rb8 22. Rxd5 Qe8 23. Qc4 Kh8 24. Rd2 Rc8 25. Bxb7 Rxc4 26. Rxc4 Qb5 27. Bd5 Nd8 28. Rb4 Qa5 29. Bb6 Qa6 30. Bxd8 Rxd8 31. Ng5 Bh6 32. Nf7+ Kg7 33. Nxh6 Kxh6 34. Rh4+ Kg7 35. Rhd4 Qa5 36. Bf3 Qxd2 37. Rxd2 Rxd2 38. Bc6 Rxb2 39. Bxa4 Ra2 40. Bc6 Rxa3 41. g3 g5 42. Kg2 Kf6 43. Bf3 Ke5 44. Bg4 Ke4 0-1


[Site "https://www.chess.com"]

[Event "Titled Tuesday Blitz April 25 Early 2023"]
[White "Durarbayli, Vasif"]
[Black "Wieczorek, Oskar"]
[WhiteFideId "13402935"]
[BlackFideId "1133950"]
[WhiteElo "2551"]
[BlackElo "2418"]
[Result "0-1"]
[Round "05"]
[TimeControl "180+2"]
[Date "2023.04.25"]
[WhiteClock "0:00:03"]
[BlackClock "0:00:06"]

1. e4 c5 2. Nf3 e6 3. d4 cxd4 4. Nxd4 Nf6 5. Nc3 d6 6. g4 e5 7. Nf5 h5 8. g5 Nxe4 9. Nxg7+ Bxg7 10. Nxe4 d5 11. Ng3 Nc6 12. Nxh5 Rxh5 13. Qxh5 Nd4 14. Qd1 Bf5 15. Bd3 e4 16. Be2 e3 17. Bd3 e2 18. Bxe2 Nxc2+ 19. Kf1 Nxa1 20. h4 Rc8 21. h5 Nc2 22. h6 Bh8 23. Rh4 Nd4 24. Bh5 Qd7 25. h7 Ne6 26. Bd2 d4 27. Qf3 Qb5+ 28. Kg1 Rc2 29. a4 Qe5 30. Qxb7 Rxd2 31. Bxf7+ Kf8 32. Kg2 Nf4+ 0-1


[Site "https://www.chess.com"]

[Event "Titled Tuesday Blitz April 25 Early 2023"]
[White "Corrales Jimenez, Fidel"]
[Black "Bryant, John Daniel"]
[WhiteFideId "3506690"]
[BlackFideId "2031280"]
[WhiteElo "2541"]
[BlackElo "2455"]
[Result "1-0"]
[Round "05"]
[TimeControl "180+2"]
[Date "2023.04.25"]
[WhiteClock "0:00:03"]
[BlackClock "0:00:01"]

1. e4 e5 2. f4 d5 3. exd5 exf4 4. Nf3 Nf6 5. Bb5+ Nbd7 6. Nc3 Be7 7. d4 O-O 8. Bxf4 Nb6 9. O-O Nfxd5 10. Nxd5 Nxd5 11. Bd2 c5 12. dxc5 Bxc5+ 13. Kh1 h6 14. Ne5 Be6 15. Bd3 Bd4 16. Qe2 Bxb2 17. Rab1 Nc3 18. Bxc3 Bxc3 19. Qe4 f5 20. Qe2 Bxe5 21. Qxe5 Qf6 22. Qg3 b6 23. Rbe1 Rac8 24. a3 Rcd8 25. Qf3 Kh8 26. Qb7 Rd7 27. Qc6 Re7 28. Qd6 Rfe8 29. Re5 Bc8 30. Rxe7 Qxd6 31. Rxe8+ Kh7 32. Rxc8 g6 33. Re8 Qxa3 34. Rfe1 Kg7 35. h4 1-0


[Site "https://www.chess.com"]

[Event "Titled Tuesday Blitz April 25 Early 2023"]
[White "Mitrabha, Guha"]
[Black "Manukyan, Sargis A."]
[WhiteFideId "5057000"]
[BlackFideId "13303970"]
[WhiteElo "2507"]
[BlackElo "2187"]
[Result "1-0"]
[Round "05"]
[TimeControl "180+2"]
[Date "2023.04.25"]
[WhiteClock "0:01:01"]
[BlackClock "0:00:07"]

1. Nf3 d5 2. d4 Nf6 3. Bf4 Bg4 4. Ne5 Bf5 5. c4 e6 6. Nc3 Nc6 7. e3 Nxe5 8. Bxe5 Bd6 9. Bxf6 Qxf6 10. Bd3 Bxd3 11. Qxd3 dxc4 12. Qxc4 O-O 13. O-O e5 14. d5 a6 15. a4 Qh6 16. h3 f5 17. e4 g6 18. Qd3 Kh8 19. Rac1 Rf7 20. Nb1 fxe4 21. Qxe4 Rf4 22. Qc2 e4 23. Nd2 Re8 24. Nc4 Bf8 25. Ne3 Re7 26. Qb3 b6 27. d6 cxd6 28. Nd5 Rf3 29. gxf3 Re5 30. f4 Rh5 31. Kh2 g5 32. Rc8 g4 33. Qc3+ Kg8 34. Nf6+ Kf7 35. Nxh5 Qxh5 36. Rc7+ Kg8 37. Qc4+ d5 38. Qc3 Bd6 39. Rc8+ Kf7 40. Qg3 Ke6 41. Qxg4+ Qxg4 42. hxg4 Bxf4+ 43. Kg2 Ke5 44. Rh8 h5 45. Rxh5+ 1-0


[Site "https://www.chess.com"]

[Event "Titled Tuesday Blitz April 25 Early 2023"]
[White "Lenderman, Aleksandr"]
[Black "Kucuksari, Kaan"]
[WhiteFideId "2021285"]
[BlackFideId "6380166"]
[WhiteElo "2607"]
[BlackElo "2364"]
[Result "1-0"]
[Round "05"]
[TimeControl "180+2"]
[Date "2023.04.25"]
[WhiteClock "0:00:15"]
[BlackClock "0:00:04"]

1. Nf3 Nf6 2. b3 g6 3. Bb2 Bg7 4. g3 O-O 5. Bg2 c5 6. c4 Nc6 7. O-O d6 8. d4 Ne4 9. Nbd2 Bf5 10. Nh4 Nxd2 11. Qxd2 Nxd4 12. Bxd4 Bxd4 13. Nxf5 gxf5 14. Rad1 Rb8 15. Qg5+ Kh8 16. Qxf5 e6 17. Qd3 Qa5 18. e3 Be5 19. f4 Bg7 20. Qxd6 Qxa2 21. Rd3 b5 22. cxb5 Rxb5 23. f5 exf5 24. Bd5 Qc2 25. Bc4 Rb6 26. Qxc5 Rh6 27. Rf2 Qc1+ 28. Kg2 Rg6 29. Rd5 f4 30. exf4 Re8 31. Rd7 Bf8 32. Qd4+ Bg7 33. Qd5 Rf6 34. Re7 Rf8 35. Rfe2 Qc3 36. Re8 Qb4 37. Qd8 Rb6 38. Rxf8+ Bxf8 39. Re8 Kg7 40. Qd4+ Kg8 41. Qd5 Rf6 42. Qg5+ Rg6 43. Qf5 Rg7 44. Qd5 Qa3 45. h4 Qb2+ 46. Kh3 Qf6 47. h5 1-0


[Site "https://www.chess.com"]

[Event "Titled Tuesday Blitz April 25 Early 2023"]
[White "Domingo Nunez, Ruben"]
[Black "Henriquez Villagra, Cristobal"]
[WhiteFideId "22245570"]
[BlackFideId "3409350"]
[WhiteElo "2404"]
[BlackElo "2542"]
[Result "0-1"]
[Round "05"]
[TimeControl "180+2"]
[Date "2023.04.25"]
[WhiteClock "0:00:08"]
[BlackClock "0:00:07"]

1. e4 Nc6 2. d4 d6 3. c3 Nf6 4. Bd3 e5 5. Ne2 Be7 6. O-O O-O 7. h3 exd4 8. cxd4 Nb4 9. Nbc3 Nxd3 10. Qxd3 c6 11. Bf4 d5 12. e5 Ne8 13. Be3 f6 14. f4 g6 15. Ng3 Ng7 16. Nd1 fxe5 17. dxe5 c5 18. Rc1 b6 19. Nf2 Be6 20. Ng4 Qd7 21. Nh6+ Kh8 22. Rcd1 Rad8 23. Kh2 Bh4 24. Bc1 Qe7 25. Kh1 c4 26. Qf3 Bxg3 27. Qxg3 d4 28. Ng4 Nf5 29. Qe1 Qh4 30. Qxh4 Nxh4 31. Nf6 Kg7 32. Rfe1 Nf5 33. Kg1 d3 34. Ne4 Nd4 35. Ng5 Rfe8 36. Be3 Nc2 37. Kf2 h6 38. Ne4 Nxe1 39. Kxe1 Re7 40. Kd2 Bd5 41. Ng3 Bxg2 42. h4 Bh3 43. h5 Bg4 44. Rg1 Rf8 45. Ne4 Bxh5 46. Nf6 Rxf6 47. exf6+ Kxf6 48. Kc3 Rxe3 0-1


[Site "https://www.chess.com"]

[Event "Titled Tuesday Blitz April 25 Early 2023"]
[White "Movahed, Sina"]
[Black "Nikologorskiy, Konstantin"]
[WhiteFideId "42520835"]
[BlackFideId "24111708"]
[WhiteElo "2225"]
[BlackElo "2293"]
[Result "1/2-1/2"]
[Round "05"]
[TimeControl "180+2"]
[Date "2023.04.25"]
[WhiteClock "0:00:04"]
[BlackClock "0:00:05"]

1. Nf3 d5 2. g3 c6 3. Bg2 Nf6 4. O-O Bf5 5. d3 h6 6. Nbd2 e6 7. Qe1 Bh7 8. e4 Be7 9. Qe2 O-O 10. Re1 a5 11. a4 Na6 12. e5 Nd7 13. Nb3 Nb4 14. Rd1 b5 15. c3 Na6 16. Nbd4 Qb6 17. Be3 Bc5 18. h4 Rab8 19. axb5 cxb5 20. Qd2 Qc7 21. Bf4 a4 22. b3 Bxd4 23. Nxd4 Nac5 24. Bf1 Nxb3 25. Nxb3 axb3 26. Qb2 Nc5 27. Ra3 b4 28. cxb4 Rxb4 29. Rc1 Qe7 30. Bd2 Rb7 31. d4 Ne4 32. Be1 Rfb8 33. f3 Qxa3 34. Qxa3 b2 35. fxe4 bxc1=Q 36. Qxc1 Bxe4 37. Qf4 h5 38. Be2 Bg6 39. Kf2 Rb1 40. Bd2 R8b2 41. Qg5 Rc2 42. g4 Rbb2 43. gxh5 Rxd2 44. hxg6 Rxe2+ 45. Kf1 Rf2+ 46. Ke1 Rbe2+ 47. Kd1 Rd2+ 48. Kc1 Rc2+ 49. Kd1 Rfd2+ 50. Ke1 Re2+ 51. Kd1 Rcd2+ 52. Kc1 fxg6 53. Qxg6 Rc2+ 54. Kd1 Rcd2+ 55. Kc1 Rc2+ 56. Kd1 Red2+ 57. Ke1 Re2+ 58. Kf1 Rf2+ 59. Ke1 Rce2+ 60. Kd1 Rd2+ 61. Kc1 Rc2+ 62. Kd1 Rcd2+ 63. Ke1 Rde2+ 64. Kd1 Rd2+ 1/2-1/2


[Site "https://www.chess.com"]

[Event "Titled Tuesday Blitz April 25 Early 2023"]
[White "Akash G"]
[Black "Fressinet, Laurent"]
[WhiteFideId "5040299"]
[BlackFideId "608742"]
[WhiteElo "2395"]
[BlackElo "2633"]
[Result "0-1"]
[Round "05"]
[TimeControl "180+2"]
[Date "2023.04.25"]
[WhiteClock "0:00:07"]
[BlackClock "0:00:11"]

1. e4 e5 2. Nf3 Nc6 3. Bb5 a6 4. Ba4 Nf6 5. O-O Bc5 6. Bxc6 dxc6 7. d3 Qd6 8. Nbd2 Be6 9. b3 Nd7 10. Ng5 f6 11. Nxe6 Qxe6 12. Nc4 O-O-O 13. Kh1 h5 14. Rb1 Nb6 15. Qe2 g5 16. b4 Be7 17. Na5 h4 18. Rb3 h3 19. g4 Kb8 20. Be3 Rd4 21. c3 Rd7 22. Rfb1 Rxd3 23. Bxb6 Rd2 24. Qxd2 Qxg4 25. f3 Qxf3+ 26. Kg1 cxb6 27. Rf1 Qg4+ 28. Kf2 bxa5 29. Qe2 Rh4 30. Qxg4 Rxg4 31. Ke3 axb4 32. cxb4 Bd8 33. Kf3 Rf4+ 34. Ke2 Rxe4+ 35. Re3 Rxb4 36. Rxh3 Rb2+ 37. Kd3 Rxa2 38. Rh8 Kc7 39. Rh7+ Kc8 40. Ke4 Ra4+ 41. Kf5 Rf4+ 42. Rxf4 exf4 43. h4 gxh4 44. Rxh4 Bc7 45. Kxf6 b5 46. Ke6 Kb7 47. Rh7 Kb6 48. Kd7 Be5 49. Rh6 b4 50. Rxc6+ Kb5 51. Re6 Bd4 52. Re4 Be3 53. Re5+ Kc4 54. Ra5 b3 55. Ra4+ Kc3 56. Rxa6 b2 57. Ra3+ Kc2 58. Ra2 Kb3 59. Rxb2+ Kxb2 0-1


[Site "https://www.chess.com"]

[Event "Titled Tuesday Blitz April 25 Early 2023"]
[White "hakanazeri2"]
[Black "Quesada Perez, Yuniesky"]
[BlackFideId "3504409"]
[WhiteElo "2640"]
[BlackElo "2585"]
[Result "0-1"]
[Round "05"]
[TimeControl "180+2"]
[Date "2023.04.25"]
[WhiteClock "0:00:03"]
[BlackClock "0:00:09"]

1. d4 d5 2. Nf3 Nf6 3. g3 Bf5 4. Bg2 e6 5. O-O Be7 6. c4 c6 7. b3 h6 8. Nbd2 Nbd7 9. Bb2 O-O 10. Ne5 Bh7 11. Nxd7 Qxd7 12. Re1 a5 13. e4 Bb4 14. exd5 cxd5 15. a3 Be7 16. Nf3 Rfd8 17. Ne5 Qc7 18. c5 Be4 19. Bxe4 Nxe4 20. b4 axb4 21. axb4 Bf6 22. Ng4 Be7 23. Qd3 b6 24. Rec1 Rdb8 25. f3 Nf6 26. Nxf6+ Bxf6 27. Rxa8 Rxa8 28. c6 Be7 29. b5 Bd6 30. Kg2 Ra2 31. Rc2 Qa7 32. Bc1 Qa4 33. Rxa2 Qxa2+ 34. Bd2 Bc7 35. h4 Qb2 36. Kh3 h5 37. Qc3 Qb1 38. Qc1 Qf5+ 39. Kg2 f6 40. Bf4 e5 41. dxe5 fxe5 42. Bg5 Qd3 43. Qb2 Qc4 44. Bd2 d4 45. Bg5 Kh8 46. Qa3 Qe2+ 47. Kh3 Qf1+ 48. Kh2 Qf2+ 49. Kh3 Qf1+ 50. Kh2 Kh7 51. Qf8 Qf2+ 0-1


[Site "https://www.chess.com"]

[Event "Titled Tuesday Blitz April 25 Early 2023"]
[White "Kravtsiv, Martyn"]
[Black "Bruedigam, Martin"]
[WhiteFideId "14113147"]
[BlackFideId "24608033"]
[WhiteElo "2695"]
[BlackElo "2331"]
[Result "1-0"]
[Round "05"]
[TimeControl "180+2"]
[Date "2023.04.25"]
[WhiteClock "0:00:42"]
[BlackClock "0:00:07"]

1. e4 c6 2. Nf3 d5 3. d3 Bg4 4. h3 Bh5 5. Qe2 e6 6. Nc3 Nd7 7. g4 dxe4 8. dxe4 Bg6 9. Bd2 Qc7 10. O-O-O Bd6 11. Nh4 Ne7 12. Bg2 h6 13. Kb1 Bh7 14. g5 hxg5 15. Bxg5 Ng6 16. Nxg6 Bxg6 17. Qd2 Be5 18. f4 Bf6 19. Bxf6 Nxf6 20. e5 Nd5 21. Bxd5 exd5 22. Qg2 O-O-O 23. a3 Kb8 24. h4 d4 25. Ne4 Bxe4 26. Qxe4 c5 27. h5 Rh6 28. Rhg1 Rxh5 29. Rxg7 Qe7 30. f5 Re8 31. e6 Qf6 32. Rxf7 1-0


[Site "https://www.chess.com"]

[Event "Titled Tuesday Blitz April 25 Early 2023"]
[White "Narayanan, Srinath"]
[Black "TartineDeNutella"]
[WhiteFideId "5018420"]
[WhiteElo "2438"]
[BlackElo "2628"]
[Result "1-0"]
[Round "05"]
[TimeControl "180+2"]
[Date "2023.04.25"]
[WhiteClock "0:00:30"]
[BlackClock "0:00:37"]

1. Nf3 Nf6 2. c4 e6 3. d4 b6 4. Nc3 Bb7 5. Bf4 Bb4 6. Nd2 O-O 7. e3 d6 8. Qc2 Nbd7 9. a3 Bxc3 10. Qxc3 Qe7 11. Bg3 Nh5 12. f3 Nxg3 13. hxg3 f5 14. Bd3 Qg5 15. Nf1 e5 16. O-O-O exd4 17. Qxd4 Rae8 18. g4 Nc5 19. Bc2 g6 20. gxf5 Rxf5 21. Qh4 Qxh4 22. Rxh4 Rg5 23. Rh2 a5 24. b3 Kg7 25. e4 Ne6 26. Ne3 Rc5 27. Kb2 b5 28. b4 axb4 29. axb4 Rxc4 30. Nxc4 bxc4 31. Kc3 Ba6 32. Ba4 Rb8 33. Bc6 Nf4 34. g3 Nd3 35. Ra1 Bc8 36. b5 Ne5 37. Ra7 h5 38. Rxc7+ Kf6 39. f4 Ng4 40. Ra2 Be6 41. Ra8 Rb6 42. Rf8+ 1-0


[Site "https://www.chess.com"]

[Event "Titled Tuesday Blitz April 25 Early 2023"]
[White "Kozin, Yuri"]
[Black "Kukhmazov, Arsen"]
[WhiteFideId "4129920"]
[BlackFideId "24108260"]
[WhiteElo "2623"]
[BlackElo "2396"]
[Result "0-1"]
[Round "05"]
[TimeControl "180+2"]
[Date "2023.04.25"]
[WhiteClock "0:00:24"]
[BlackClock "0:00:18"]

1. e4 e5 2. Nf3 Nc6 3. Bb5 a6 4. Ba4 Nf6 5. O-O Nxe4 6. d4 b5 7. Bb3 d5 8. dxe5 Be6 9. Be3 Be7 10. Nbd2 Nc5 11. c3 Nxb3 12. Nxb3 O-O 13. Bc5 Bg4 14. Bxe7 Qxe7 15. Qxd5 Bxf3 16. Qxf3 Nxe5 17. Qb7 Nc4 18. Rfe1 Qd6 19. Rad1 Qb6 20. Qxb6 cxb6 21. Re2 Rfe8 22. Rde1 Rxe2 23. Rxe2 Rd8 24. Nd4 g6 25. g3 b4 26. Nc6 Rd1+ 27. Kg2 bxc3 28. bxc3 Rc1 29. Nb4 a5 30. Nd5 Rd1 31. Nf4 a4 32. Re4 b5 33. Re8+ Kg7 34. Rb8 Na3 35. h4 Rd2 36. g4 Rxa2 37. g5 Rd2 38. Kg3 Nc4 39. h5 gxh5 40. Rxb5 h4+ 41. Kg4 Rxf2 42. Rb8 Ne3+ 43. Kxh4 Rxf4+ 44. Kh5 Nf5 45. g6 hxg6+ 46. Kg5 Re4 47. Rb7 a3 48. Ra7 a2 0-1


[Site "https://www.chess.com"]

[Event "Titled Tuesday Blitz April 25 Early 2023"]
[White "Sielecki, Christof"]
[Black "Mekhitarian, Krikor Sevag"]
[WhiteFideId "4620437"]
[BlackFideId "2107660"]
[WhiteElo "2443"]
[BlackElo "2604"]
[Result "1/2-1/2"]
[Round "05"]
[TimeControl "180+2"]
[Date "2023.04.25"]
[WhiteClock "0:00:22"]
[BlackClock "0:00:11"]

1. e4 c5 2. Nf3 e6 3. c3 Nf6 4. e5 Nd5 5. g3 d6 6. exd6 Nc6 7. Bg2 Bxd6 8. O-O O-O 9. d4 cxd4 10. Nxd4 Nxd4 11. Qxd4 Qc7 12. c4 Be5 13. Qe4 Ne7 14. Nc3 Bxc3 15. bxc3 Nc6 16. Ba3 Rd8 17. Rfd1 Rxd1+ 18. Rxd1 Bd7 19. Qd3 Be8 20. Qd6 Qxd6 21. Bxd6 Rc8 22. Bc5 b6 23. Bxc6 Bxc6 24. Be7 f6 25. Rd8+ Rxd8 26. Bxd8 Kf7 27. Bc7 e5 28. Bb8 a6 29. Ba7 b5 30. cxb5 axb5 31. f4 exf4 32. gxf4 Ke6 33. Kf2 Kf5 34. Kg3 Bd5 35. a3 Bc4 36. Bc5 h5 37. Bf8 g6 38. Bc5 h4+ 39. Kf3 Bd5+ 40. Ke3 Bc6 41. Be7 h3 42. Bd8 Bd5 43. Be7 Bc6 44. Bd8 g5 45. fxg5 fxg5 46. Bc7 g4 47. Kd4 Bf3 48. Kc5 Be2 49. Kb4 Ke6 50. a4 bxa4 51. Kxa4 Kd5 52. Kb4 Bc4 53. Bg3 Bd3 54. c4+ Bxc4 55. Kc3 1/2-1/2


[Site "https://www.chess.com"]

[Event "Titled Tuesday Blitz April 25 Early 2023"]
[White "Azarov, Sergei"]
[Black "Sliwicka, Alicja"]
[WhiteFideId "13501470"]
[BlackFideId "1150677"]
[WhiteElo "2475"]
[BlackElo "2206"]
[Result "1-0"]
[Round "05"]
[TimeControl "180+2"]
[Date "2023.04.25"]
[WhiteClock "0:01:20"]
[BlackClock "0:00:44"]

1. e4 c6 2. Nc3 g6 3. d4 Bg7 4. Nf3 d5 5. h3 dxe4 6. Nxe4 Nf6 7. Nxf6+ exf6 8. Bc4 O-O 9. O-O f5 10. Bf4 Nd7 11. c3 Nb6 12. Bb3 Nd5 13. Be5 Bxe5 14. Nxe5 Be6 15. Re1 Qg5 16. Qf3 h5 17. c4 Nb6 18. d5 cxd5 19. cxd5 Bd7 20. d6 Be6 21. Bxe6 fxe6 22. Qxb7 Rad8 23. Qe7 Qf6 24. Nc6 Rde8 25. Qxa7 Nc8 26. Qc7 Rd8 27. Nxd8 Rxd8 28. d7 1-0


[Site "https://www.chess.com"]

[Event "Titled Tuesday Blitz April 25 Early 2023"]
[White "Molina, Roberto Junio Brito"]
[Black "Golichenko, Ilija"]
[WhiteFideId "2109450"]
[BlackFideId "14117223"]
[WhiteElo "2376"]
[BlackElo "2339"]
[Result "0-1"]
[Round "05"]
[TimeControl "180+2"]
[Date "2023.04.25"]
[WhiteClock "0:00:20"]
[BlackClock "0:00:54"]

1. d4 Nf6 2. c4 e6 3. Nf3 d5 4. Nc3 Bb4 5. Bg5 Nbd7 6. e3 c5 7. a3 Bxc3+ 8. bxc3 Qa5 9. Qc2 Ne4 10. cxd5 exd5 11. Rc1 Qxa3 12. Bd3 Nxg5 13. Nxg5 h6 14. Nf3 c4 15. Be2 Nf6 16. O-O O-O 17. Ra1 Qe7 18. Rfb1 Ne4 19. Rb5 Be6 20. Bxc4 Nd6 21. Bd3 Nxb5 22. Bxb5 Rfc8 23. Bd3 Qc7 24. Ra3 a6 25. Nd2 b5 26. Qb2 Qd7 27. f3 Rcb8 28. e4 a5 29. e5 Qe7 30. Nb3 b4 31. Rxa5 Rxa5 32. Nxa5 Qc7 33. cxb4 Qxa5 0-1


[Site "https://www.chess.com"]